Map: Dusk Towers

Players

eVoLuTiOn - Winner!

  • Race: Protoss Protoss
  • League: Gold

lesha

  • Race: Terran Terran
  • League: Silver

VOD

Have the link to the VOD?

Description

Time

  • Played on: Jan. 4, 2016, 8:58 a.m.
  • Length: 13:44
Show
View Real Time Build Order
Export as new Build Order

eVoLuTiOn Protoss - Winner!

Build Orders: Oracle Opening 

Get SALT Encoding   

  12  0:05  Probe (Chrono Boost)  
  13  0:16  Probe (Chrono Boost)  
  14  0:22  Pylon  
  14  0:26  Probe (Chrono Boost)  
  15  0:40  Forge  
  15  0:42  Probe (Chrono Boost)  
  16  0:53  Probe (Chrono Boost)  
  17  1:00  Pylon  
  17  1:03  Probe (Chrono Boost)  
  18  1:08  Gateway  
  18  1:22  Photon Cannon  
  18  1:27  Assimilator  
  18  1:30  Probe (Chrono Boost)  
  19  1:32  Assimilator  
  19  2:04  Pylon  
  19  2:07  Photon Cannon  
  19  2:11  Photon Cannon  
  19  2:13  Probe (Chrono Boost)  
  20  2:24  Probe (Chrono Boost)  
  20  2:25  Cybernetics Core  
  21  2:32  Photon Cannon  
  21  2:34  Probe (Chrono Boost)  
  22  2:45  Probe (Chrono Boost)  
  22  2:47  Pylon  
  23  2:55  Probe (Chrono Boost)  
  24  2:59  Pylon  
  24  3:06  Probe (Chrono Boost)  
  24  3:10  Stargate  
  25  3:19  Photon Cannon  
  25  3:23  Pylon  
  25  3:34  Photon Cannon  
  24  3:54  Oracle (Chrono Boost)  
  27  4:09  Nexus  
  27  4:18  Mothership Core  
  29  4:26  Oracle (Chrono Boost)  
  32  4:39  Probe  
  33  4:51  Probe  
  37  5:03  Probe  
  38  5:15  Probe  
  40  5:21  Void Ray (Chrono Boost)  
  40  5:25  Pylon  
  40  5:26  Pylon  
  40  5:28  Pylon  
  40  5:29  Probe  
  41  5:39  Assimilator  
  41  5:40  Probe  
  42  5:43  Assimilator  
  39  5:50  Probe  
  40  6:01  Probe  
  41  6:06  Robotics Facility  
  41  6:09  Robotics Facility  
  41  6:11  Probe  
  41  6:16  Pylon  
  41  6:17  Probe  
  41  6:18  Pylon  
  43  6:22  Probe  
  44  6:33  Probe  
  45  6:43  Probe  
  46  6:53  Void Ray (Chrono Boost)  
  46  6:54  Probe  
  50  6:58  Robotics Bay  
  50  7:00  Probe  
  52  7:12  Probe  
  53  7:23  Immortal  
  53  7:24  Probe  
  53  7:25  Observer  
  59  7:36  Probe  
  60  8:11  Colossus (Chrono Boost), Protoss Air Weapons Level 1 (Chrono Boost)  
  72  8:13  Colossus (Chrono Boost)  
  72  8:25  Extended Thermal Lance (Chrono Boost)  
  67  8:34  Protoss Shields Level 1  
  57  8:54  Void Ray  
  61  8:58  Mothership Core  
  68  9:25  Colossus (Chrono Boost)  
  68  9:26  Pylon x2  
  74  9:41  Colossus (Chrono Boost)  
  74  9:43  Void Ray  
  78  9:47  Nexus  
  78  9:50  Pylon  
  78  9:52  Pylon  
  78  9:54  Pylon  
  78  9:56  Pylon  
  78  9:58  Pylon  
  78  10:01  Pylon  
  78  10:18  Protoss Ground Armor Level 1 (Chrono Boost)  
  75  10:23  Colossus (Chrono Boost)  
  75  10:26  Void Ray (Chrono Boost)  
  75  10:27  Colossus (Chrono Boost)  
  91  10:55  Pylon  
  91  10:56  Pylon  
  91  11:01  Assimilator  
  91  11:02  Pylon  
  91  11:05  Protoss Air Armor Level 1 (Chrono Boost), Void Ray, Assimilator  
  95  11:12  Stargate  
  91  12:08  Void Ray x2  
  99  12:24  Pylon  
  99  12:41  Photon Cannon  
  99  12:43  Photon Cannon  
  99  12:46  Stargate  
  99  12:51  Void Ray x2  
Show
View Real Time Build Order
Export as new Build Order

lesha Terran 

Build Orders: MMM Bio 

Get SALT Encoding   

  12  0:01  SCV  
  13  0:13  SCV  
  14  0:18  Supply Depot  
  14  0:26  SCV  
  15  0:32  Refinery  
  15  0:40  SCV  
  16  0:46  Barracks  
  16  0:52  SCV  
  17  1:04  SCV  
  18  1:16  SCV  
  19  1:36  Marine  
  20  1:46  Barracks  
  20  1:47  Barracks  
  20  1:51  Factory  
  17  2:11  Supply Depot  
  17  2:12  Supply Depot  
  17  2:13  Marine  
  18  2:32  Marine  
  18  2:35  Supply Depot  
  18  2:36  Marine x2  
  21  2:41  Factory Tech Lab  
  21  2:48  Bunker  
  21  2:52  SCV  
  22  3:04  Marine  
  23  3:07  Starport  
  23  3:14  Marine x2  
  25  3:22  Marine  
  26  3:31  Refinery  
  24  3:52  Marine x3  
  24  3:55  Siege Tank  
  29  4:10  Marine x3  
  32  4:20  SCV  
  33  4:27  Supply Depot  
  33  4:28  Marine  
  34  4:32  SCV  
  35  4:44  SCV, Marine  
  37  4:46  Starport Reactor, Marine  
  37  4:51  Barracks Tech Lab  
  37  4:56  SCV  
  38  5:02  Marine  
  38  5:03  Marine  
  39  5:11  Stimpack  
  35  5:22  Engineering Bay  
  35  5:34  Barracks Reactor  
  35  5:43  Barracks Reactor  
  35  5:44  Command Center  
  30  6:03  SCV  
  31  6:10  Marine x2  
  33  6:15  SCV  
  34  6:18  Missile Turret  
  34  6:25  Medivac  
  36  6:27  SCV  
  29  6:40  SCV  
  30  6:52  SCV  
  31  6:55  SCV  
  32  7:04  SCV  
  33  7:11  SCV  
  34  7:16  SCV  
  35  7:23  SCV  
  35  7:28  SCV  
  35  7:29  Marine x2  
  38  7:35  SCV  
  40  7:40  SCV  
  40  7:43  Marine  
  40  7:44  Marine  
  43  7:47  SCV  
  44  8:03  SCV x2  
  44  8:04  Marine x2  
  48  8:10  Combat Shields  
  48  8:12  Marine  
  48  8:15  SCV x2  
  51  8:27  SCV  
  42  9:10  Marine x2  
  42  9:11  Marine x3  
  44  9:28  Marine x3  
  44  9:29  Marine x2  
  49  9:35  SCV  
  50  9:44  Barracks, Missile Turret  
  50  9:46  Barracks, Marine x2  
  50  9:47  Supply Depot, Barracks  
  50  9:48  SCV, Supply Depot  
  53  9:58  Medivac  
  55  10:00  Medivac  
  54  10:20  Marine  
  54  10:21  Marine x3  
  57  10:27  Marauder  
  60  10:29  SCV x2  
  62  10:37  Barracks Tech Lab x2  
  62  10:38  Barracks Tech Lab  
  62  10:41  SCV x2  
  64  10:50  Marine x4  
  64  10:54  Marauder  
  70  10:59  SCV x2  
  72  11:05  Refinery, Marine  
  73  11:16  Orbital Command  
  61  11:41  Marauder x2  
  61  11:42  Marauder x2  
  52  11:57  Orbital Command  
  52  12:03  Marauder x3  
  52  12:07  Marauder  
  60  12:10  Viking  
  62  12:24  Marauder x3  
  68  12:36  Medivac  
  70  12:39  Concussive Shells  
  70  12:44  Refinery  
  70  12:45  Command Center  
  70  12:53  Marauder  
  70  12:54  Marauder x2  
  45  13:06  Marine  
  45  13:07  Marine x3  
  45  13:08  Marine  
Tags
 
Add a new tag
Caveats
  • Supply blocks, unpowered buildings, or Contaminate may cause inaccurate times.
  • Supply counts are checked every 10 seconds.